 Dungeon Crawl Stone Soup version 0.29.0-4-gdea44cf6ec (webtiles) character file.

Game seed: 12707715578000757442

104116 qw the Warrior (level 15, -12/155 HPs)
             Began as a Minotaur Berserker on Sept 9, 2022.
             Was an Elder of Trog.
             Mangled by an orc warrior
             ... wielding a +0 hand axe
              (18 damage)
             ... on level 2 of the Orcish Mines.
             The game lasted 00:09:05 (24865 turns).

qw the Warrior (Minotaur Berserker)                Turns: 24865, Time: 00:09:06

Health: -12/155    AC: 23    Str: 32    XL:     15   Next: 91%
Magic:  14/14      EV: 17    Int:  3    God:    Trog [****..]
Gold:   2657       SH:  8    Dex: 10    Spells: 14/14 levels left

rFire   . . .      SeeInvis +   Y - +3 broad axe
rCold   . . .      Faith    .   u - +2 buckler {rN+}
rNeg    + . .      Spirit   .   l - +5 scale mail of Elasu {Rampage Regen+ SInv}
rPois   .          Reflect  .   (helmet restricted)
rElec   .          Harm     .   g - +0 cloak
rCorr   .          Rampage  +   d - +2 pair of gloves
Will    +++..                   (no boots)
Stlth   ..........              m - amulet of regeneration
HPRegen 2.95/turn               k - +4 ring of evasion
MPRegen 0.14/turn               p - +4 ring of protection

@: about to teleport, strong-willed (expiring), on berserk cooldown,
regenerating (expiring), slowed, very slow
A: horns 2, retaliatory headbutt, strong 1, evolution 1
a: Renounce Religion, Berserk, Trog's Hand, Brothers in Arms


You were on level 2 of the Orcish Mines.
You worshipped Trog.
Trog was greatly pleased with you.
You visited 3 branches of the dungeon, and saw 22 of its levels.

You collected 3303 gold pieces.
You spent 646 gold pieces at shops.


Innate Abilities, Weirdness & Mutations

You have a pair of horns on your head.
You reflexively headbutt those who attack you in melee.
Your muscles are strong. (Str +4, Int/Dex -1)
You have hidden genetic potential.


   Skills:
 + Level 19.8 Fighting
 - Level 18.0 Axes
 - Level 9.0 Throwing
 - Level 12.0 Armour
 - Level 10.0 Dodging
 - Level 12.0 Shields


You had 14 spell levels left.
You didn't know any spells.
Your spell library was empty.

Inventory:

Hand Weapons
 q - a +0 morningstar
 Y - a +3 broad axe (weapon)
Missiles
 x - 20 boomerangs (quivered)
Armour
 b - a +2 chain mail of fire resistance
 c - a +0 plate armour
 d - a +2 pair of gloves (worn)
 g - a +0 cloak (worn)
 l - the +5 scale mail of Elasu (worn) {Rampage Regen+ SInv}
   (You found it on level 5 of the Dungeon)

   SInv:      It lets you see invisible.
   Regen:     It increases your rate of health regeneration.
   Rampage:   It bestows one free step when moving towards enemies.
 o - a +2 buckler of reflection
 u - a +2 buckler of positive energy (worn)
 w - a +3 plate armour
Jewellery
 i - a ring of protection from fire
 k - a +4 ring of evasion (left hand)
 m - an amulet of regeneration (around neck)
 p - a +4 ring of protection (right hand)
 t - a ring of protection from fire
Scrolls
 f - 8 scrolls of teleportation
 r - 18 scrolls of identify
Potions
 a - 7 potions of heal wounds
 e - 4 potions of resistance
 h - 6 potions of might
 j - 2 potions of haste
 n - a potion of mutation
 s - 8 potions of curing

Dungeon Overview and Level Annotations

Branches:
Dungeon (15/15)            Temple (0/1) D:6            Lair (5/5) D:10
 Shoals (0/4) Lair:2        Snake (0/4) Lair:2        Slime (0/5) Lair:5
    Orc (2/2) D:12            Elf (0/3) Orc:2        Vaults (0/5) D:14
 Depths (0/4) D:15

Altars:
Ashenzari
Cheibriados
Dithmenos
Fedhas
Gozag
Nemelex Xobeh
Okawaru
Qazlal
Sif Muna
Trog
Uskayaw
Wu Jian
Xom
Zin

Shops:
D:4 *   D:7 =?(   D:13 ?:(

Portals:
Trove: D:10 (give 6 scrolls of blinking)

Annotations:
D:9 1 runed translucent door, Pikel; qw's ghost, novice MiFi


Message History

Your two-headed ogre closely misses the orc warrior.
Your two-headed ogre hits the orc warrior with a +0 dire flail.
The orc warlord barely misses you. You furiously retaliate!
You headbutt the orc warlord!
The orc wizard gestures wildly while chanting.
The orc wizard flickers and vanishes for a moment.
You block the orc warrior's attack.
The orc warrior hits your two-headed ogre with a +0 war axe!
Your two-headed ogre dies!
Your two-headed ogre's corpse disappears in a puff of smoke!
An orc wizard comes into view. It is wielding a +0 dagger.
24863 ||| INVOKING Trog's Hand.
Your skin crawls.
You feel strong-willed. Trog will no longer gift you weapons.
The orc priest invokes the aid of Beogh against you.
Beogh smites you! The orc warrior misses you.
You block the orc warlord's attack.
You hear a shout!
You slice the orc warlord!!
The orc warlord is heavily wounded.
You hit the orc warrior. You barely miss the orc warrior.
The orc warrior hits you but does no damage.
An orc wizard comes into view. It is wielding a +0 dagger.
The orc warlord hits you with a +1 vorpal war axe!!!
You block the orc warrior's attack.
The orc warrior hits you with a +0 hand axe!
An orc priest comes into view. It is wielding a +0 flail.
The orc knight roars a battlecry!
The orc priest goes into a battle-frenzy!
The orc priest invokes the aid of Beogh against you.
Beogh smites you! You block the orc warlord's attack.
The orc priest shouts!
You hear a shout!
24865 ||| READING 9 scrolls of teleportation.
As you read the scroll of teleportation, it crumbles to dust.
You feel strangely unstable.
You feel the effects of Trog's Hand fading.
The orc high priest hits you with a +0 scimitar.
The orc warrior closely misses you.
The orc warrior hits you with a +0 hand axe!!
You die...

.......$.....# #.#..
.............# ## ...
.............# #....
.......<.....## .#....
..............# ......
.........)...#####......
..............8.........
..............))oo..o...
. ......).....)o@oo.o.o.
...........)))ooo.....
......#...#.8...).....
##...(.#...#####......
#......... ......
.......#. .#....
$.#.#### #.o.. #. ...


You could see an orc warlord (strong), an orc knight (strong), an orc high
priest (strong), an orc sorcerer (strong), 2 orc warriors, 2 orc priests, 3 orc
wizards and an orc (strong).

Vanquished Creatures
  Frances (D:13)
  A ghost moth (shapeshifter) (D:15)
  A fire dragon (D:15)
  4 rakshasas (D:15)
  2 hydras (D:15)
  2 boulder beetles
  4 ogre magi
  11 centaur warriors
  4 catoblepae
  2 dancing weapons (D:14)
  3 tengu warriors (D:14)
  17 two-headed ogres
  15 death yaks
  An orc high priest (Orc:2)
  A fire crab (Lair:4)
  A skeletal warrior (D:9)
  A glowing orange brain (D:15)
  A wizard (D:15)
  A harpy (D:12)
  A deep elf pyromancer (D:14)
  15 ugly things
  4 orc knights
  4 cyclopes
  An orc sorcerer (Orc:2)
  21 slime creatures
  5 manticores
  4 elephants (Lair:5)
  Maurice (D:9)
  A black mamba (Lair:5)
  A molten gargoyle (D:14)
  2 gargoyles
  11 cane toads
  2 rime drakes
  2 unseen horrors
  3 komodo dragons
  A yaktaur (D:15)
  2 tengu conjurers
  3 trolls
  A polar bear (Lair:5)
  2 hornets (D:8)
  A wind drake (shapeshifter) (D:15)
  5 blink frogs
  A snapping turtle (Lair:2)
  A centaur simulacrum (D:12)
  4 wyverns
  76 yaks
  4 wraiths
  3 vampires
  2 steam dragons
  5 basilisks
  A warg (Orc:2)
  20 vampire mosquitoes
  2 nagas (Lair:2)
  2 acid dragons
  12 water moccasins
  2 sky beasts (D:7)
  5 ice beasts
  17 orc warriors
  3 black bears
  A boggart (D:15)
  11 ogres
  6 wolves (Lair:2)
  13 centaurs
  A phantom (D:4)
  17 bullfrogs
  5 gnoll sergeants
  4 scorpions
  5 killer bees
  5 electric eels
  19 orc priests
  3 jellies
  2 iguanas
  19 orc wizards
  15 hell rats
  Robin (D:3)
  27 gnolls
  9 adders
  3 river rats (Lair:4)
  A shadow imp (D:8)
  3 white imps
  4 worms
  3 dart slugs
  82 orcs
  7 bats
  5 endoplasms
  6 giant cockroaches
  4 hobgoblins
  10 jackals
  5 quokkas
  10 ball pythons
  4 frilled lizards (D:1)
  18 goblins
  7 kobolds
  12 rats
673 creatures vanquished.

Vanquished Creatures (collateral kills)
  2 hydras (Lair:5)
  A centaur warrior (D:13)
  5 death yaks (Lair:4)
  An orc high priest (Orc:2)
  An unseen horror (D:13)
  A cane toad (Lair:5)
  A gargoyle (D:13)
  2 blink frogs
  A water moccasin (Lair:5)
  3 orc warriors (Orc:2)
  An orc priest (Orc:2)
  An orc wizard (Orc:2)
20 creatures vanquished.

Vanquished Creatures (others)
  A yak (Lair:5)
  A bush (Lair:5)
  50 fungi
  57 plants
109 creatures vanquished.

Grand Total: 802 creatures vanquished

Notes
Turn   | Place    | Note
-------+----------+-------------------------------------------
     0 | D:1      | qw the Minotaur Berserker began the quest for the Orb.
     0 | D:1      | Reached XP level 1. HP: 19/19 MP: 0/0
     0 | D:1      | 0 ||| qw: Version: 0.1-a-113-g051387a
     0 | D:1      | 0 ||| qw: Game counter: 7270
     0 | D:1      | 0 ||| qw: Always use a shield: true
     0 | D:1      | 0 ||| qw: Do Orc after D:15 true
     0 | D:1      | 0 ||| qw: Do second Lair branch before Depths: true
     0 | D:1      | 0 ||| qw: Lair rune preference: random
     0 | D:1      | 0 ||| qw: Plans: Normal
     0 | D:1      | 0 ||| PLANNING D:1-11
    19 | D:1      | 19 ||| Stepping ~*~*~tactically~*~*~ (stealth).
   266 | D:1      | Reached XP level 2. HP: 26/26 MP: 1/1
   348 | D:1      | 348 ||| Stepping ~*~*~tactically~*~*~ (stealth).
   362 | D:1      | 362 ||| Stepping ~*~*~tactically~*~*~ (stealth).
   635 | D:1      | Reached ** piety under Trog
   676 | D:1      | 676 ||| Stepping ~*~*~tactically~*~*~ (hiding).
   677 | D:1      | 677 ||| Stepping ~*~*~tactically~*~*~ (stealth).
   678 | D:1      | 678 ||| Stepping ~*~*~tactically~*~*~ (stealth).
   682 | D:1      | 682 ||| Stepping ~*~*~tactically~*~*~ (stealth).
   683 | D:1      | 683 ||| Stepping ~*~*~tactically~*~*~ (stealth).
   684 | D:1      | 684 ||| Stepping ~*~*~tactically~*~*~ (hiding).
   685 | D:1      | 685 ||| Stepping ~*~*~tactically~*~*~ (stealth).
   687 | D:1      | 687 ||| Stepping ~*~*~tactically~*~*~ (stealth).
   688 | D:1      | 688 ||| Stepping ~*~*~tactically~*~*~ (stealth).
   690 | D:1      | 690 ||| Stepping ~*~*~tactically~*~*~ (hiding).
   693 | D:1      | 693 ||| Stepping ~*~*~tactically~*~*~ (hiding).
   694 | D:1      | 694 ||| Stepping ~*~*~tactically~*~*~ (hiding).
   759 | D:1      | Reached XP level 3. HP: 31/31 MP: 2/2
  1172 | D:1      | 1172 ||| DROPPING +0 club.
  1257 | D:1      | Found a faded altar of an unknown god.
  1475 | D:1      | 1475 ||| UPGRADING to +0 pair of gloves.
  1480 | D:1      | 1480 ||| UPGRADING to +0 chain mail.
  1490 | D:1      | 1490 ||| DROPPING +0 animal skin.
  1491 | D:1      | 1491 ||| DROPPING amulet of faith.
  1492 | D:1      | 1492 ||| READING scroll labelled IJIMEAD LIURPH.
  1493 | D:1      | 1493 ||| READING scroll labelled LEXANASTIST.
  1494 | D:1      | 1494 ||| Stepping randomly (stuck).
  1495 | D:1      | 1495 ||| Stepping ~*~*~tactically~*~*~ (cloud).
  1807 | D:2      | 1807 ||| Stepping ~*~*~tactically~*~*~ (hiding).
  2211 | D:2      | Reached XP level 4. HP: 34/39 MP: 3/3
  2212 | D:2      | Reached skill level 6 in Axes
  2820 | D:2      | 2820 ||| UPGRADING to +0 plate armour.
  2830 | D:2      | 2830 ||| DROPPING +0 chain mail.
  2831 | D:2      | 2831 ||| DROPPING amulet of magic regeneration.
  2832 | D:2      | 2832 ||| READING scroll labelled ISKAUKKELE.
  2933 | D:2      | 2933 ||| READING scroll labelled LETOCS XESUPIOTH.
  2937 | D:2      | 2937 ||| READING scroll labelled DULEUFR MIASI.
  2938 | D:2      | 2938 ||| READING scroll labelled KAADYOGERE.
  3034 | D:3      | 3034 ||| Stepping ~*~*~tactically~*~*~ (stealth).
  3075 | D:3      | 3075 ||| Stepping ~*~*~tactically~*~*~ (stealth).
  3081 | D:3      | 3081 ||| Stepping ~*~*~tactically~*~*~ (stealth).
  3102 | D:3      | 3102 ||| Stepping ~*~*~tactically~*~*~ (stealth).
  3103 | D:3      | 3103 ||| Stepping ~*~*~tactically~*~*~ (stealth).
  3115 | D:3      | 3115 ||| Stepping ~*~*~tactically~*~*~ (stealth).
  3116 | D:3      | Noticed Robin
  3117 | D:3      | 3117 ||| Stepping ~*~*~tactically~*~*~ (hiding).
  3124 | D:3      | 3124 ||| INVOKING Berserk.
  3128 | D:3      | Killed Robin
  3332 | D:3      | Reached *** piety under Trog
  3333 | D:3      | Reached XP level 5. HP: 41/45 MP: 4/4
  3481 | D:3      | Found a hide-covered altar of Uskayaw.
  3484 | D:3      | 3484 ||| Stepping ~*~*~tactically~*~*~ (stealth).
  3495 | D:3      | 3495 ||| DROPPING +0 whip.
  3664 | D:3      | 3664 ||| Stepping ~*~*~tactically~*~*~ (stealth).
  3719 | D:3      | Reached skill level 3 in Armour
  3763 | D:3      | 3763 ||| Stepping ~*~*~tactically~*~*~ (hiding).
  3765 | D:3      | 3765 ||| INVOKING Berserk.
  3769 | D:3      | Reached skill level 4 in Fighting
  4078 | D:3      | 4078 ||| UPGRADING to +4 ring of evasion.
  4079 | D:3      | 4079 ||| READING scroll labelled BICAURGH FEPSIO.
  4080 | D:3      | 4080 ||| READING scroll labelled ACEPHEESAP.
  4081 | D:3      | 4081 ||| DRINKING 2 pink potions.
  4082 | D:3      | 4082 ||| DRINKING 3 fizzy amethyst potions.
  4083 | D:3      | 4083 ||| DRINKING 2 grey potions.
  4084 | D:3      | 4084 ||| DROPPING 2 potions of attraction.
  4124 | D:4      | 4124 ||| PLANNING SEWER
  4145 | D:4      | Found Bubuiz's Gadget Gallery.
  4149 | D:4      | Noticed a phantom
  4150 | D:4      | 4150 ||| Stepping ~*~*~tactically~*~*~ (stealth).
  4160 | D:4      | 4160 ||| READING 2 scrolls of teleportation.
  4165 | D:4      | 4165 ||| INVOKING Berserk.
  4168 | D:4      | Reached XP level 6. HP: 52/52 MP: 5/5
  4282 | D:4      | Noticed an ice beast
  4283 | D:4      | 4283 ||| INVOKING Berserk.
  4288 | D:4      | Killed an ice beast
  4353 | D:4      | 4353 ||| Stepping ~*~*~tactically~*~*~ (stealth).
  4409 | D:4      | 4409 ||| INVOKING Berserk.
  4412 | D:4      | Reached skill level 9 in Axes
  4438 | D:4      | Reached XP level 7. HP: 56/59 MP: 6/6
  4442 | D:4      | 4442 ||| Stepping ~*~*~tactically~*~*~ (stealth).
  4444 | D:4      | 4444 ||| Stepping ~*~*~tactically~*~*~ (stealth).
  4490 | D:4      | 4490 ||| Stepping ~*~*~tactically~*~*~ (stealth).
  4499 | D:4      | 4499 ||| Stepping ~*~*~tactically~*~*~ (stealth).
  4500 | D:4      | 4500 ||| Stepping ~*~*~tactically~*~*~ (stealth).
  4504 | D:4      | 4504 ||| INVOKING Berserk.
  4736 | D:4      | Found an iron altar of Okawaru.
  4737 | D:4      | Found a snail-covered altar of Cheibriados.
  4738 | D:4      | Found a glowing silver altar of Zin.
  4738 | D:4      | Found an ornate altar of the Wu Jian Council.
  4787 | D:4      | Found a shadowy altar of Dithmenos.
  4846 | D:4      | 4846 ||| RIP SEWER
  4850 | D:4      | 4850 ||| PLANNING D:1-11
  5056 | D:4      | Found a shimmering altar of Xom.
  5147 | D:4      | 5147 ||| UPGRADING to +2 buckler of reflection.
  5152 | D:4      | 5152 ||| UPGRADING to ring of protection from fire.
  5153 | D:4      | 5153 ||| READING scroll labelled RERHED ODEFRA.
  5154 | D:4      | 5154 ||| READING scroll labelled LOMIEFERELLI.
  5162 | D:5      | Entered Level 5 of the Dungeon
  5166 | D:5      | 5166 ||| INVOKING Berserk.
  5170 | D:5      | Reached skill level 1 in Shields
  5170 | D:5      | 5170 ||| STAIRDANCE
  5285 | D:5      | Identified the +5 scale mail of Elasu {Rampage Regen+ SInv}
  5316 | D:5      | 5316 ||| Stepping ~*~*~tactically~*~*~ (stealth).
  5348 | D:5      | Reached skill level 3 in Shields
  5413 | D:5      | Reached skill level 5 in Fighting
  5413 | D:5      | 5413 ||| Stepping ~*~*~tactically~*~*~ (stealth).
  5414 | D:5      | 5414 ||| Stepping ~*~*~tactically~*~*~ (stealth).
  5421 | D:5      | 5421 ||| INVOKING Berserk.
  5593 | D:5      | Found a broken altar of Ashenzari.
  5614 | D:5      | 5614 ||| DROPPING +0 flail of protection.
  5628 | D:5      | 5628 ||| Stepping ~*~*~tactically~*~*~ (hiding).
  5629 | D:5      | 5629 ||| Stepping ~*~*~tactically~*~*~ (hiding).
  5753 | D:5      | Reached XP level 8. HP: 68/68 MP: 7/7
  5854 | D:5      | 5854 ||| Stepping ~*~*~tactically~*~*~ (stealth).
  5860 | D:5      | 5860 ||| Stepping ~*~*~tactically~*~*~ (stealth).
  5888 | D:5      | 5888 ||| Stepping ~*~*~tactically~*~*~ (stealth).
  5890 | D:5      | 5890 ||| Stepping ~*~*~tactically~*~*~ (hiding).
  5924 | D:5      | Reached skill level 6 in Fighting
  5979 | D:5      | Found a stormy altar of Qazlal.
  6281 | D:5      | 6281 ||| UPGRADING to +5 scale mail of Elasu {Rampage
                  | Regen+ SInv}.
  6291 | D:5      | 6291 ||| UPGRADING to +4 ring of protection.
  6339 | D:6      | 6339 ||| INVOKING Berserk.
  6643 | D:6      | Reached **** piety under Trog
  6711 | D:6      | 6711 ||| INVOKING Berserk.
  6956 | D:6      | 6956 ||| Stepping ~*~*~tactically~*~*~ (hiding).
  7062 | D:6      | 7062 ||| Stepping ~*~*~tactically~*~*~ (stealth).
  7082 | D:6      | 7082 ||| Stepping ~*~*~tactically~*~*~ (stealth).
  7149 | D:6      | 7149 ||| Stepping ~*~*~tactically~*~*~ (hiding).
  7151 | D:6      | 7151 ||| INVOKING Berserk.
  7157 | D:6      | Reached skill level 12 in Axes
  7164 | D:6      | 7164 ||| Stepping ~*~*~tactically~*~*~ (stealth).
  7614 | D:6      | Found a staircase to the Ecumenical Temple.
  7618 | D:6      | 7618 ||| UPGRADING to +0 cloak.
  7623 | D:6      | 7623 ||| DROPPING +4 ring of slaying {mikee}.
  7624 | D:6      | 7624 ||| DRINKING 2 lumpy purple potions.
  7625 | D:6      | 7625 ||| DROPPING potion of flight.
  7719 | D:7      | Found Wodiub's Antique Weapon Shop.
  7767 | D:7      | Reached XP level 9. HP: 78/78 MP: 8/8
  7770 | D:7      | Reached skill level 7 in Fighting
  7770 | D:7      | 7770 ||| FLEEEEING.
  7827 | D:7      | Found a sparkling altar of Nemelex Xobeh.
  7869 | D:7      | Found Eguyfi's Jewellery Shop.
  7881 | D:7      | 7881 ||| SHOPLISTING amulet of Colaut {Regen+ Str+2} (576
                  | gold, have 377).
  7881 | D:7      | 7881 ||| BUYING ring of protection from fire (350 gold).
  7881 | D:7      | Bought a ring of protection from fire for 350 gold pieces
  7911 | D:7      | 7911 ||| INVOKING Berserk.
  8049 | D:7      | Found Uziam's Magic Scroll Shop.
  8093 | D:7      | Found a shimmering blue altar of Sif Muna.
  8451 | D:7      | 8451 ||| DROPPING +6 ring of intelligence.
  8452 | D:7      | 8452 ||| DRINKING 2 lumpy sapphire potions.
  8553 | D:7      | 8553 ||| DRINKING 3 fuming golden potions.
  8554 | D:7      | 8554 ||| DRINKING 3 bubbling brown potions.
  8595 | D:7      | 8595 ||| DRINKING 3 fuming brown potions.
  8596 | D:7      | 8596 ||| DROPPING potion of ambrosia.
  8597 | D:7      | 8597 ||| DROPPING 2 potions of lignification.
  8629 | D:8      | 8629 ||| INVOKING Berserk.
  8646 | D:8      | Reached skill level 1 in Throwing
  8819 | D:8      | Noticed a two-headed ogre
  8823 | D:8      | 8823 ||| INVOKING Berserk.
  8827 | D:8      | Killed a two-headed ogre
  8997 | D:8      | Paralysed by a hornet for 2 turns
  9005 | D:8      | Reached skill level 3 in Dodging
  9006 | D:8      | 9006 ||| INVOKING Berserk.
  9008 | D:8      | HP: 27/118 [killer bee (4)]
  9012 | D:8      | Reached skill level 8 in Fighting
  9013 | D:8      | HP: 13/121 [poisoned by a killer bee]
  9018 | D:8      | HP: 7/81 [poisoned by a killer bee]
  9124 | D:8      | 9124 ||| Stepping ~*~*~tactically~*~*~ (hiding).
  9127 | D:8      | 9127 ||| INVOKING Berserk.
  9275 | D:8      | Reached XP level 10. HP: 88/88 MP: 9/9
  9302 | D:8      | 9302 ||| SWAPPING to +0 broad axe.
  9303 | D:8      | 9303 ||| DROPPING +0 vorpal hand axe.
  9507 | D:8      | 9507 ||| DROPPING ring of resist corrosion.
  9508 | D:8      | 9508 ||| READING scroll labelled CAJEQO RUIFUUKH.
  9509 | D:8      | 9509 ||| READING scroll labelled BOONEJ BIMM.
  9510 | D:8      | 9510 ||| READING scroll labelled CIZOTAGADU.
  9511 | D:8      | 9511 ||| DRINKING 2 lumpy emerald potions.
  9562 | D:7      | 9562 ||| BUYING scroll of identify (26 gold).
  9562 | D:7      | Bought a scroll of identify for 26 gold pieces
  9562 | D:7      | 9562 ||| BUYING scroll of identify (26 gold).
  9562 | D:7      | Bought a scroll of identify for 26 gold pieces
  9562 | D:7      | 9562 ||| READING 3 scrolls of identify.
  9562 | D:7      | 9562 ||| IDENTIFYING silvery potion
  9563 | D:7      | 9563 ||| DROPPING potion of brilliance.
  9574 | D:9      | 9574 ||| INVOKING Berserk.
  9587 | D:9      | Noticed Maurice
  9588 | D:9      | 9588 ||| Stepping ~*~*~tactically~*~*~ (stealth).
  9589 | D:9      | 9589 ||| Stepping ~*~*~tactically~*~*~ (stealth).
  9596 | D:9      | Killed Maurice
  9736 | D:9      | 9736 ||| Stepping ~*~*~tactically~*~*~ (hiding).
  9776 | D:9      | Found a runed translucent door.
  9776 | D:9      | Found a shimmering altar of Xom.
  9776 | D:9      | Noticed a +1 quarterstaff of chaos
  9776 | D:9      | Noticed qw's ghost (novice MiFi)
  9808 | D:9      | 9808 ||| FLEEEEING.
  9809 | D:9      | 9809 ||| FLEEEEING.
  9815 | D:9      | 9815 ||| FLEEEEING.
  9816 | D:9      | 9816 ||| FLEEEEING.
  9817 | D:9      | 9817 ||| FLEEEEING.
  9818 | D:9      | 9818 ||| FLEEEEING.
  9819 | D:9      | 9819 ||| FLEEEEING.
  9820 | D:9      | 9820 ||| FLEEEEING.
  9821 | D:9      | 9821 ||| FLEEEEING.
  9822 | D:9      | 9822 ||| FLEEEEING.
  9823 | D:9      | 9823 ||| FLEEEEING.
 10015 | D:9      | Found a flagged portal.
 10015 | D:9      | Noticed Pikel
 10016 | D:9      | 10016 ||| Stepping ~*~*~tactically~*~*~ (stealth).
 10121 | D:9      | Noticed a skeletal warrior
 10122 | D:9      | Noticed a cyclops
 10123 | D:9      | 10123 ||| Stepping ~*~*~tactically~*~*~ (stealth).
 10126 | D:9      | 10126 ||| INVOKING Berserk.
 10126 | D:9      | Noticed a deep elf pyromancer
 10130 | D:9      | Noticed a gargoyle
 10131 | D:9      | Noticed a centaur warrior
 10135 | D:9      | Killed a skeletal warrior
 10141 | D:9      | Noticed a boulder beetle
 10144 | D:9      | Killed a cyclops
 10145 | D:9      | Reached skill level 15 in Axes
 10148 | D:9      | HP: 21/88 [gargoyle/stone arrow (11)]
 10149 | D:9      | 10149 ||| READING 5 scrolls of teleportation.
 10149 | D:9      | HP: 8/88 [gargoyle/+0 morningstar (14)]
 10150 | D:9      | 10150 ||| DRINKING 2 potions of heal wounds.
 10286 | D:9      | 10286 ||| INVOKING Berserk.
 10491 | D:9      | 10491 ||| Stepping ~*~*~tactically~*~*~ (hiding).
 10495 | D:9      | 10495 ||| INVOKING Berserk.
 10502 | D:9      | Killed a boulder beetle
 10503 | D:9      | Reached skill level 9 in Fighting
 10504 | D:9      | Killed a centaur warrior
 10674 | D:9      | Killed a gargoyle
 10675 | D:9      | Reached XP level 11. HP: 99/99 MP: 10/10
 10920 | D:9      | 10920 ||| READING 2 scrolls of identify.
 10920 | D:9      | 10920 ||| IDENTIFYING dark potion
 10921 | D:9      | 10921 ||| DROPPING potion of magic.
 10954 | D:10     | Entered Level 10 of the Dungeon
 10956 | D:10     | Found a bloodstained altar of Trog.
 10958 | D:10     | 10958 ||| Stepping ~*~*~tactically~*~*~ (stealth).
 10960 | D:10     | 10960 ||| Stepping ~*~*~tactically~*~*~ (stealth).
 10960 | D:10     | Found a blossoming altar of Fedhas.
 10986 | D:10     | 10986 ||| Stepping ~*~*~tactically~*~*~ (stealth).
 10993 | D:10     | 10993 ||| Stepping ~*~*~tactically~*~*~ (stealth).
 11024 | D:10     | Found a staircase to the Lair.
 11036 | D:10     | 11036 ||| INVOKING Berserk.
 11191 | D:10     | Found a portal to a secret trove of treasure.
 11244 | D:10     | 11244 ||| READING scroll of enchant armour.
 11244 | D:10     | 11244 ||| ENCHANTING +0 pair of gloves.
 11368 | D:10     | 11368 ||| INVOKING Berserk.
 11492 | D:10     | Reached skill level 6 in Shields
 11610 | D:10     | 11610 ||| INVOKING Berserk.
 11819 | D:10     | Found an opulent altar of Gozag.
 11996 | D:10     | 11996 ||| PLANNING LAIR
 11996 | D:10     | 11996 ||| DRINKING 2 lumpy white potions.
 12027 | Lair:1   | Entered Level 1 of the Lair of Beasts
 12084 | Lair:1   | Reached ***** piety under Trog
 12190 | Lair:1   | 12190 ||| INVOKING Berserk.
 12397 | Lair:1   | 12397 ||| Stepping ~*~*~tactically~*~*~ (stealth).
 12399 | Lair:1   | 12399 ||| Stepping ~*~*~tactically~*~*~ (stealth).
 12408 | Lair:1   | Reached skill level 10 in Fighting
 12519 | Lair:1   | 12519 ||| INVOKING Berserk.
 12632 | Lair:1   | Found a broken altar of Ashenzari.
 12641 | Lair:1   | 12641 ||| Stepping ~*~*~tactically~*~*~ (stealth).
 12642 | Lair:1   | 12642 ||| Stepping ~*~*~tactically~*~*~ (stealth).
 12909 | Lair:1   | 12909 ||| READING 2 scrolls labelled SAORAOBLED.
 12910 | Lair:1   | 12910 ||| DROPPING scroll of noise.
 12966 | Lair:2   | 12966 ||| Stepping ~*~*~tactically~*~*~ (water).
 12967 | Lair:2   | 12967 ||| INVOKING Berserk.
 12976 | Lair:2   | Reached skill level 18 in Axes
 12993 | Lair:2   | Reached skill level 6 in Armour
 13061 | Lair:2   | Reached XP level 12. HP: 97/106 MP: 11/11
 13109 | Lair:2   | Found a staircase to the Snake Pit.
 13180 | Lair:2   | 13180 ||| READING scroll of enchant weapon.
 13180 | Lair:2   | 13180 ||| ENCHANTING +1 broad axe.
 13336 | Lair:2   | Found a staircase to the Shoals.
 13356 | Lair:2   | Received a gift from Trog
 13358 | Lair:2   | Reached skill level 11 in Fighting
 13430 | Lair:2   | 13430 ||| Stepping ~*~*~tactically~*~*~ (stealth).
 13577 | Lair:3   | 13577 ||| Stepping ~*~*~tactically~*~*~ (stealth).
 13597 | Lair:3   | 13597 ||| Stepping ~*~*~tactically~*~*~ (stealth).
 14071 | Lair:3   | Reached skill level 12 in Fighting
 14302 | Lair:4   | Noticed a death yak
 14302 | Lair:4   | Noticed a death yak
 14303 | Lair:4   | 14303 ||| INVOKING Brothers in Arms.
 14304 | Lair:4   | Noticed a death yak
 14304 | Lair:4   | Noticed a death yak
 14304 | Lair:4   | Noticed a death yak
 14305 | Lair:4   | 14305 ||| INVOKING Berserk.
 14308 | Lair:4   | Killed a death yak
 14312 | Lair:4   | Killed a death yak
 14314 | Lair:4   | Killed a death yak
 14317 | Lair:4   | Killed a death yak
 14318 | Lair:4   | Reached skill level 6 in Dodging
 14321 | Lair:4   | Killed a death yak
 14498 | Lair:4   | 14498 ||| Stepping ~*~*~tactically~*~*~ (stealth).
 14500 | Lair:4   | 14500 ||| Stepping ~*~*~tactically~*~*~ (hiding).
 14507 | Lair:4   | Reached skill level 13 in Fighting
 14547 | Lair:4   | Noticed a death yak
 14547 | Lair:4   | Noticed a death yak
 14547 | Lair:4   | Noticed a death yak
 14548 | Lair:4   | 14548 ||| INVOKING Brothers in Arms.
 14548 | Lair:4   | Noticed a death yak
 14549 | Lair:4   | 14549 ||| INVOKING Brothers in Arms.
 14550 | Lair:4   | Noticed a death yak
 14550 | Lair:4   | Noticed a death yak
 14551 | Lair:4   | 14551 ||| INVOKING Berserk.
 14553 | Lair:4   | Killed a death yak
 14556 | Lair:4   | Killed a death yak
 14558 | Lair:4   | Killed a death yak
 14560 | Lair:4   | Killed a death yak
 14561 | Lair:4   | Reached XP level 13. HP: 122/122 MP: 12/12
 14564 | Lair:4   | Reached skill level 6 in Throwing
 14753 | Lair:4   | 14753 ||| FLEEEEING.
 14754 | Lair:4   | 14754 ||| FLEEEEING.
 14765 | Lair:4   | Reached skill level 9 in Shields
 15498 | Lair:5   | Entered Level 5 of the Lair of Beasts
 15500 | Lair:5   | 15500 ||| INVOKING Berserk.
 15522 | Lair:5   | 15522 ||| INVOKING Brothers in Arms.
 15523 | Lair:5   | 15523 ||| INVOKING Brothers in Arms.
 15524 | Lair:5   | 15524 ||| SWAPPING to +0 morningstar.
 15530 | Lair:5   | 15530 ||| SWAPPING to +2 broad axe.
 15532 | Lair:5   | Reached skill level 14 in Fighting
 15597 | Lair:5   | Found a staircase to the Slime Pits.
 15612 | Lair:5   | 15612 ||| Stepping ~*~*~tactically~*~*~ (stealth).
 15629 | Lair:5   | 15629 ||| Stepping ~*~*~tactically~*~*~ (stealth).
 15633 | Lair:5   | 15633 ||| Stepping ~*~*~tactically~*~*~ (stealth).
 15634 | Lair:5   | 15634 ||| INVOKING Berserk.
 15649 | Lair:5   | Reached skill level 9 in Armour
 15722 | Lair:5   | 15722 ||| Stepping ~*~*~tactically~*~*~ (stealth).
 15773 | Lair:5   | 15773 ||| Stepping ~*~*~tactically~*~*~ (stealth).
 15775 | Lair:5   | 15775 ||| Stepping ~*~*~tactically~*~*~ (stealth).
 15825 | Lair:5   | 15825 ||| INVOKING Brothers in Arms.
 15826 | Lair:5   | 15826 ||| INVOKING Brothers in Arms.
 15828 | Lair:5   | 15828 ||| SWAPPING to +0 morningstar.
 15830 | Lair:5   | 15830 ||| INVOKING Berserk.
 15836 | Lair:5   | 15836 ||| SWAPPING to +2 broad axe.
 15958 | Lair:5   | 15958 ||| Stepping ~*~*~tactically~*~*~ (hiding).
 16097 | Lair:5   | 16097 ||| Stepping ~*~*~tactically~*~*~ (hiding).
 16100 | Lair:5   | 16100 ||| INVOKING Berserk.
 16225 | Lair:5   | 16225 ||| INVOKING Berserk.
 16228 | Lair:5   | Reached skill level 15 in Fighting
 16385 | Lair:5   | 16385 ||| Stepping ~*~*~tactically~*~*~ (cloud).
 16386 | Lair:5   | 16386 ||| INVOKING Berserk.
 16406 | Lair:5   | 16406 ||| Stepping ~*~*~tactically~*~*~ (cloud).
 16411 | Lair:5   | 16411 ||| Stepping ~*~*~tactically~*~*~ (cloud).
 16413 | Lair:5   | 16413 ||| Stepping ~*~*~tactically~*~*~ (cloud).
 16414 | Lair:5   | 16414 ||| Stepping ~*~*~tactically~*~*~ (cloud).
 16415 | Lair:5   | 16415 ||| Stepping ~*~*~tactically~*~*~ (cloud).
 16416 | Lair:5   | 16416 ||| Stepping ~*~*~tactically~*~*~ (cloud).
 16568 | Lair:5   | 16568 ||| INVOKING Berserk.
 16694 | Lair:5   | 16694 ||| INVOKING Berserk.
 16707 | Lair:5   | 16707 ||| DRINKING potion of cancellation.
 16790 | Lair:5   | 16790 ||| Stepping ~*~*~tactically~*~*~ (stealth).
 16791 | Lair:5   | 16791 ||| Stepping ~*~*~tactically~*~*~ (stealth).
 16888 | Lair:5   | Reached XP level 14. HP: 135/135 MP: 13/13
 16916 | Lair:5   | 16916 ||| Stepping ~*~*~tactically~*~*~ (stealth).
 16917 | Lair:5   | 16917 ||| Stepping ~*~*~tactically~*~*~ (stealth).
 17198 | Lair:5   | 17198 ||| Stepping ~*~*~tactically~*~*~ (stealth).
 17310 | Lair:5   | 17310 ||| PLANNING D:1-11
 17310 | Lair:5   | 17310 ||| DROPPING scarf of shadows.
 17311 | Lair:5   | 17311 ||| READING scroll labelled EJONOWKUGU.
 17312 | Lair:5   | 17312 ||| DRINKING 2 fizzy dark potions.
 17312 | Lair:5   | Gained mutation: Your muscles are strong. (Str +4, Int/Dex
                  | -1) [potion of mutation]
 17312 | Lair:5   | Gained mutation: You have hidden genetic potential. [potion
                  | of mutation]
 17795 | D:11     | 17795 ||| FLEEEEING.
 17796 | D:11     | 17796 ||| FLEEEEING.
 17797 | D:11     | 17797 ||| FLEEEEING.
 17798 | D:11     | 17798 ||| FLEEEEING.
 17867 | D:11     | 17867 ||| FLEEEEING.
 17868 | D:11     | 17868 ||| FLEEEEING.
 17871 | D:11     | 17871 ||| STAIRDANCE
 17894 | D:10     | 17894 ||| UPGRADING to amulet of regeneration.
 17908 | D:11     | 17908 ||| FLEEEEING.
 17909 | D:11     | 17909 ||| STAIRDANCE
 17920 | D:11     | 17920 ||| STAIRDANCE
 17931 | D:11     | Reached skill level 16 in Fighting
 17935 | D:11     | 17935 ||| FLEEEEING.
 18192 | D:11     | 18192 ||| FLEEEEING.
 18193 | D:11     | 18193 ||| FLEEEEING.
 18194 | D:11     | 18194 ||| Stepping ~*~*~tactically~*~*~ (hiding).
 18198 | D:11     | 18198 ||| Stepping ~*~*~tactically~*~*~ (hiding).
 18202 | D:11     | 18202 ||| FLEEEEING.
 18203 | D:11     | 18203 ||| FLEEEEING.
 18204 | D:11     | 18204 ||| FLEEEEING.
 18219 | D:11     | 18219 ||| Stepping ~*~*~tactically~*~*~ (hiding).
 18228 | D:11     | 18228 ||| Stepping ~*~*~tactically~*~*~ (stealth).
 18238 | D:11     | 18238 ||| Stepping ~*~*~tactically~*~*~ (stealth).
 18255 | D:11     | 18255 ||| Stepping ~*~*~tactically~*~*~ (stealth).
 18674 | D:11     | 18674 ||| PLANNING D
 18720 | D:12     | 18720 ||| INVOKING Berserk.
 18854 | D:12     | 18854 ||| INVOKING Trog's Hand.
 18855 | D:12     | 18855 ||| INVOKING Berserk.
 19061 | D:12     | 19061 ||| Stepping ~*~*~tactically~*~*~ (hiding).
 19114 | D:12     | 19114 ||| Stepping ~*~*~tactically~*~*~ (stealth).
 19124 | D:12     | 19124 ||| Stepping ~*~*~tactically~*~*~ (hiding).
 19126 | D:12     | 19126 ||| Stepping ~*~*~tactically~*~*~ (hiding).
 19140 | D:12     | Found a staircase to the Orcish Mines.
 19146 | D:12     | 19146 ||| Stepping ~*~*~tactically~*~*~ (stealth).
 19191 | D:12     | 19191 ||| Stepping ~*~*~tactically~*~*~ (stealth).
 19206 | D:12     | 19206 ||| Stepping ~*~*~tactically~*~*~ (stealth).
 19235 | D:12     | 19235 ||| Stepping ~*~*~tactically~*~*~ (stealth).
 19264 | D:12     | 19264 ||| Stepping ~*~*~tactically~*~*~ (stealth).
 19269 | D:12     | 19269 ||| Stepping ~*~*~tactically~*~*~ (stealth).
 19571 | D:12     | 19571 ||| Stepping ~*~*~tactically~*~*~ (stealth).
 19575 | D:12     | 19575 ||| INVOKING Brothers in Arms.
 19580 | D:12     | 19580 ||| INVOKING Berserk.
 19588 | D:12     | Reached skill level 17 in Fighting
 19724 | D:12     | 19724 ||| Stepping ~*~*~tactically~*~*~ (stealth).
 19725 | D:12     | 19725 ||| INVOKING Berserk.
 20141 | D:12     | 20141 ||| READING scroll labelled APLATI IWKEI.
 20146 | D:13     | Found Rexesu's Magic Scroll Shoppe.
 20149 | D:13     | 20149 ||| BUYING 2 scrolls of identify (56 gold).
 20149 | D:13     | Bought 2 scrolls of identify for 56 gold pieces
 20156 | D:13     | Found Efaxt's Book Shoppe.
 20192 | D:13     | 20192 ||| Stepping ~*~*~tactically~*~*~ (stealth).
 20194 | D:13     | 20194 ||| INVOKING Brothers in Arms.
 20196 | D:13     | 20196 ||| Stepping ~*~*~tactically~*~*~ (cloud).
 20197 | D:13     | 20197 ||| INVOKING Berserk.
 20214 | D:13     | Noticed Frances
 20221 | D:13     | 20221 ||| INVOKING Brothers in Arms.
 20223 | D:13     | Killed Frances
 20387 | D:13     | 20387 ||| Stepping ~*~*~tactically~*~*~ (hiding).
 20644 | D:13     | Found Hisuuhes's Antique Weapon Emporium.
 20652 | D:13     | 20652 ||| BUYING glowing flail (188 gold).
 20652 | D:13     | Bought a glowing flail for 188 gold pieces
 20652 | D:13     | 20652 ||| DROPPING +3 flail of pain.
 20768 | D:13     | 20768 ||| INVOKING Berserk.
 21120 | D:13     | 21120 ||| DROPPING ring of protection from cold.
 21225 | D:14     | 21225 ||| Stepping ~*~*~tactically~*~*~ (stealth).
 21239 | D:14     | 21239 ||| Stepping ~*~*~tactically~*~*~ (stealth).
 21249 | D:14     | 21249 ||| Stepping ~*~*~tactically~*~*~ (stealth).
 21258 | D:14     | 21258 ||| Stepping ~*~*~tactically~*~*~ (hiding).
 21282 | D:14     | Reached skill level 18 in Fighting
 21318 | D:14     | 21318 ||| READING scroll of enchant weapon.
 21318 | D:14     | 21318 ||| ENCHANTING +2 broad axe.
 21372 | D:14     | Found a gate to the Vaults.
 21466 | D:14     | 21466 ||| FLEEEEING.
 21467 | D:14     | 21467 ||| FLEEEEING.
 21468 | D:14     | 21468 ||| FLEEEEING.
 21470 | D:14     | 21470 ||| FLEEEEING.
 21471 | D:14     | 21471 ||| FLEEEEING.
 21490 | D:14     | 21490 ||| FLEEEEING.
 21492 | D:14     | 21492 ||| FLEEEEING.
 21493 | D:14     | 21493 ||| FLEEEEING.
 21494 | D:14     | 21494 ||| FLEEEEING.
 21495 | D:14     | 21495 ||| FLEEEEING.
 21496 | D:14     | 21496 ||| FLEEEEING.
 21497 | D:14     | 21497 ||| FLEEEEING.
 21520 | D:14     | 21520 ||| FLEEEEING.
 21521 | D:14     | 21521 ||| FLEEEEING.
 21523 | D:14     | 21523 ||| FLEEEEING.
 21527 | D:14     | 21527 ||| FLEEEEING.
 21528 | D:14     | 21528 ||| FLEEEEING.
 21529 | D:14     | 21529 ||| FLEEEEING.
 21530 | D:14     | 21530 ||| FLEEEEING.
 21531 | D:14     | 21531 ||| FLEEEEING.
 21624 | D:14     | 21624 ||| FLEEEEING.
 21626 | D:14     | 21626 ||| FLEEEEING.
 21627 | D:14     | 21627 ||| FLEEEEING.
 21628 | D:14     | 21628 ||| FLEEEEING.
 21630 | D:14     | 21630 ||| FLEEEEING.
 21631 | D:14     | 21631 ||| FLEEEEING.
 21632 | D:14     | 21632 ||| FLEEEEING.
 21633 | D:14     | 21633 ||| FLEEEEING.
 21634 | D:14     | 21634 ||| FLEEEEING.
 21636 | D:14     | 21636 ||| FLEEEEING.
 21637 | D:14     | 21637 ||| FLEEEEING.
 21638 | D:14     | 21638 ||| FLEEEEING.
 21639 | D:14     | 21639 ||| FLEEEEING.
 21640 | D:14     | 21640 ||| FLEEEEING.
 21641 | D:14     | 21641 ||| FLEEEEING.
 21661 | D:14     | 21661 ||| FLEEEEING.
 21821 | D:14     | 21821 ||| Stepping ~*~*~tactically~*~*~ (hiding).
 21823 | D:14     | 21823 ||| Stepping ~*~*~tactically~*~*~ (hiding).
 21987 | D:14     | Reached skill level 9 in Dodging
 21991 | D:14     | 21991 ||| Stepping ~*~*~tactically~*~*~ (stealth).
 22002 | D:14     | 22002 ||| INVOKING Berserk.
 22234 | D:14     | 22234 ||| UPGRADING to +2 buckler of positive energy.
 22270 | D:15     | Entered Level 15 of the Dungeon
 22273 | D:15     | 22273 ||| Stepping ~*~*~tactically~*~*~ (stealth).
 22279 | D:15     | 22279 ||| INVOKING Trog's Hand.
 22280 | D:15     | 22280 ||| INVOKING Berserk.
 22282 | D:15     | Reached XP level 15. HP: 149/149 MP: 14/14
 22428 | D:15     | 22428 ||| INVOKING Brothers in Arms.
 22429 | D:15     | 22429 ||| SWAPPING to +0 morningstar.
 22431 | D:15     | 22431 ||| INVOKING Berserk.
 22441 | D:15     | 22441 ||| SWAPPING to +3 broad axe.
 22576 | D:15     | 22576 ||| Stepping ~*~*~tactically~*~*~ (stealth).
 22591 | D:15     | 22591 ||| FLEEEEING.
 22605 | D:15     | 22605 ||| Stepping ~*~*~tactically~*~*~ (hiding).
 22609 | D:15     | 22609 ||| INVOKING Trog's Hand.
 22613 | D:15     | 22613 ||| INVOKING Berserk.
 22666 | D:15     | 22666 ||| Stepping ~*~*~tactically~*~*~ (stealth).
 22693 | D:15     | 22693 ||| Stepping ~*~*~tactically~*~*~ (hiding).
 22694 | D:15     | 22694 ||| Stepping ~*~*~tactically~*~*~ (hiding).
 22751 | D:15     | 22751 ||| Stepping ~*~*~tactically~*~*~ (stealth).
 22753 | D:15     | 22753 ||| Stepping ~*~*~tactically~*~*~ (stealth).
 22756 | D:15     | 22756 ||| INVOKING Berserk.
 22776 | D:15     | Reached skill level 19 in Fighting
 22909 | D:15     | 22909 ||| READING scroll of enchant armour.
 22909 | D:15     | 22909 ||| ENCHANTING +1 pair of gloves.
 22950 | D:15     | Reached skill level 9 in Throwing
 22950 | D:15     | 22950 ||| Stepping ~*~*~tactically~*~*~ (hiding).
 22952 | D:15     | 22952 ||| Stepping ~*~*~tactically~*~*~ (hiding).
 23036 | D:15     | 23036 ||| Stepping ~*~*~tactically~*~*~ (hiding).
 23037 | D:15     | 23037 ||| INVOKING Trog's Hand.
 23038 | D:15     | 23038 ||| INVOKING Brothers in Arms.
 23039 | D:15     | 23039 ||| SWAPPING to +0 morningstar.
 23040 | D:15     | 23040 ||| INVOKING Berserk.
 23062 | D:15     | 23062 ||| SWAPPING to +3 broad axe.
 23067 | D:15     | 23067 ||| INVOKING Trog's Hand.
 23069 | D:15     | Reached skill level 12 in Shields
 23186 | D:15     | 23186 ||| INVOKING Berserk.
 23376 | D:15     | 23376 ||| Stepping ~*~*~tactically~*~*~ (hiding).
 23386 | D:15     | 23386 ||| Stepping ~*~*~tactically~*~*~ (stealth).
 23391 | D:15     | Reached skill level 12 in Armour
 23464 | D:15     | 23464 ||| Stepping ~*~*~tactically~*~*~ (stealth).
 23466 | D:15     | 23466 ||| Stepping ~*~*~tactically~*~*~ (hiding).
 23471 | D:15     | 23471 ||| INVOKING Trog's Hand.
 23472 | D:15     | 23472 ||| INVOKING Berserk.
 23797 | D:15     | 23797 ||| Stepping ~*~*~tactically~*~*~ (hiding).
 23801 | D:15     | 23801 ||| INVOKING Berserk.
 23936 | D:15     | Found a staircase to the Depths.
 24012 | D:15     | 24012 ||| Stepping ~*~*~tactically~*~*~ (hiding).
 24147 | D:15     | 24147 ||| PLANNING ORC
 24147 | D:15     | 24147 ||| DROPPING amulet of guardian spirit.
 24148 | D:15     | 24148 ||| READING 19 scrolls of identify.
 24148 | D:15     | 24148 ||| IDENTIFYING coppery potion
 24149 | D:15     | 24149 ||| DROPPING potion of degeneration.
 24237 | Orc:1    | Entered Level 1 of the Orcish Mines
 24581 | Orc:2    | Entered Level 2 of the Orcish Mines
 24649 | Orc:2    | Found a staircase to the Elven Halls.
 24652 | Orc:2    | 24652 ||| Stepping ~*~*~tactically~*~*~ (hiding).
 24655 | Orc:2    | 24655 ||| INVOKING Berserk.
 24670 | Orc:2    | 24670 ||| FLEEEEING.
 24671 | Orc:2    | 24671 ||| FLEEEEING.
 24672 | Orc:2    | 24672 ||| FLEEEEING.
 24673 | Orc:2    | 24673 ||| FLEEEEING.
 24674 | Orc:2    | 24674 ||| FLEEEEING.
 24675 | Orc:2    | 24675 ||| FLEEEEING.
 24676 | Orc:2    | 24676 ||| FLEEEEING.
 24677 | Orc:2    | 24677 ||| FLEEEEING.
 24678 | Orc:2    | 24678 ||| FLEEEEING.
 24679 | Orc:2    | 24679 ||| STAIRDANCE
 24837 | Orc:2    | 24837 ||| INVOKING Trog's Hand.
 24839 | Orc:2    | 24839 ||| INVOKING Berserk.
 24842 | Orc:2    | Noticed an orc warlord
 24856 | Orc:2    | 24856 ||| INVOKING Brothers in Arms.
 24862 | Orc:2    | 24862 ||| DRINKING 9 potions of curing.
 24862 | Orc:2    | 24862 ||| (to cure confusion)
 24863 | Orc:2    | 24863 ||| INVOKING Trog's Hand.
 24864 | Orc:2    | HP: 37/155 [orc warlord/+1 vorpal war axe (40)]
 24864 | Orc:2    | HP: 4/155 [orc priest/divine providence (15)]
 24865 | Orc:2    | 24865 ||| READING 9 scrolls of teleportation.
 24865 | Orc:2    | Mangled by an orc warrior

Levels and vault maps discovered:
D:1:      eino_arrival_water_star, layout_loops_corners,
          shapermc_ecumenical_altar_pompeii, st_stairs_13, minmay_tiny_reverse_x
D:2:      layout_loops_corners, dreamdust_wishing_well, minmay_misc_feat_x
D:3:      layout_loops_ring, nicolae_uskayaw_murder_on_the_dancefloor,
          kennysheep_generic_room_11, uniq_robin
D:4:      layout_cave_pools, mainiacjoe_overflow_surrounded_room,
          nicolae_dithmenos_shadow_blocks, mainiacjoe_overflow_alcove_3,
          gup_sewer_entry_bubbles, nicolae_shop_gadgets
D:5:      layout_gridville, lemuel_doored_altar, mainiacjoe_overflow_24_doors
D:6:      layout_basic, temple_hall
D:7:      layout_loops_cross, lemuel_tele_altar,
          nemelex_xobeh_ov_fountains_minmay, serial_shops,
          nicolae_shop_advertising_works [nicolae_subvault_shop_adworks],
          nicolae_take_the_stairs, nicolae_shop_temple_entry_statues_fountains,
          minmay_small_thing
D:8:      layout_layer_cave
D:9:      minmay_blocky_corners, layout_basic, enter_bailey_8,
          ebering_ghost_xom, grunt_ogre_cave, uniq_maurice, uniq_pikel
D:10:     layout_basic, grunt_gozag_breadcrumbs,
          mainiacjoe_overflow_catwalk_spiral, due_lair_maze_entry_diamond,
          nicolae_trove_entry_crossroad, st_stairs_14,
          nicolae_concentric_dashed_squares_mild, due_unseen_surprise
D:11:     layout_loops_corners, special_room [special_room_orc], centaur_isle
D:12:     minmay_chambers_of_sixes, layout_basic, hiddenorc2_lemuel
D:13:     layout_long_grid, serial_shops, shop, nicolae_stop_n_shop_1,
          shop_coins, uniq_frances
D:14:     layout_irregular_city, erik_vaults_1, nicolae_lava_and_water
D:15:     gammafunk_enter_depths_forms, layout_loops_cross,
          portal_ice_cave_entry_pillars_four, minmay_joined_circles
Lair:1:   layout_long_grid, basic_altar
Lair:2:   layout_big_grid, minmay_shoals_entry_hut, guppyfry_snake_entry_island,
          serial_bayou_shore_b
Lair:3:   layout_regular_city, grunt_forest_stairs_basic,
          chequers_serial_rivers_room_b
Lair:4:   layout_cave_pods, kennysheep_abandoned_house
Lair:5:   evilmike_catoblepas_cave, layout_loops_ring, slime_entry_1
Orc:1:    layout_caves
Orc:2:    grunt_orc_cross, layout_caves, uniq_donald

Skill      XL: |  1  2  3  4  5  6  7  8  9 10 11 12 13 14 15 |
---------------+----------------------------------------------+-----
Axes           | 4 5 7 9 10 12 13 15 18 | 18.0
Armour         | 3 4 5 6 8 9 10 12 | 12.0
Fighting       | 4 5 6 8 9 10 13 15 18 19 | 19.8
Shields        | 3 4 5 7 8 10 11 12 | 12.0
Throwing       | 5 7 8 9 |  9.0
Dodging        | 3 4 6 8 9 10 | 10.0

Action                   |  1- 3 |  4- 6 |  7- 9 | 10-12 | 13-15 || total
-------------------------+-------+-------+-------+-------+-------++-------
Melee: Hand axe          |   102 |   145 |   283 |     4 |       ||   534
       Headbutt          |     9 |    16 |    61 |    90 |   212 ||   388
       Punch             |     1 |     1 |       |       |       ||     2
       Broad axe         |       |       |       |   381 |   852 ||  1233
       Unarmed           |       |       |       |     3 |       ||     3
       Morningstar       |       |       |       |       |    30 ||    30
Throw: Javelin           |       |       |     9 |    68 |    99 ||   176
       Boomerang         |       |       |       |    14 |    35 ||    49
Invok: Berserk           |       |     5 |    11 |    12 |    25 ||    53
       Brothers in Arms  |       |       |       |     2 |     8 ||    10
       Trog's Hand       |       |       |       |       |     8 ||     8
  Use: Scroll            |     2 |     7 |     2 |     9 |     6 ||    26
       Potion            |       |     3 |     5 |     3 |     3 ||    14
 Stab: Petrified         |       |       |       |       |     7 ||     7
Armor: Animal skin       |    10 |       |       |       |       ||    10
       Chain mail        |     8 |     6 |       |       |       ||    14
       Plate armour      |       |    66 |    31 |       |       ||    97
       Scale mail        |       |       |    42 |    80 |   360 ||   482
       Skin              |       |       |       |     1 |       ||     1
Dodge: Dodged            |    60 |    33 |   105 |   157 |   414 ||   769
Block: Buckler           |       |       |    58 |    75 |   260 ||   393
       Reflection        |       |       |       |       |    34 ||    34

Table legend:
 A = Non-vault XP
 B = Vault XP
 C = Vault XP percentage of total XP
 D = Non-vault monster count
 E = Vault monster count
 F = Vault count percentage of total count
                 A         B        C        D         E       F
            +---------+---------+-------+---------+---------+-------
      Total |  102935 |   45803 |  30.8 |     497 |     197 |  28.4
            +---------+---------+-------+---------+---------+-------
        D:1 |      54 |       4 |   6.9 |      34 |       3 |   8.1
        D:2 |      60 |       0 |   0.0 |      14 |       0 |   0.0
        D:3 |     144 |      35 |  19.6 |      28 |      12 |  30.0
        D:4 |     556 |      17 |   3.0 |      16 |       4 |  20.0
        D:5 |     848 |       0 |   0.0 |      19 |       0 |   0.0
        D:6 |     911 |       0 |   0.0 |      25 |       0 |   0.0
        D:7 |     940 |     169 |  15.2 |      10 |       1 |   9.1
        D:8 |    2131 |       0 |   0.0 |      21 |       0 |   0.0
        D:9 |    1771 |    4002 |  69.3 |      22 |       7 |  24.1
       D:10 |    1195 |    1350 |  53.0 |      13 |      10 |  43.5
       D:11 |    3895 |    1512 |  28.0 |      23 |      31 |  57.4
       D:12 |    5027 |    4268 |  45.9 |      22 |      38 |  63.3
       D:13 |    7692 |    1457 |  15.9 |      19 |       1 |   5.0
       D:14 |   10285 |    1654 |  13.9 |      21 |       2 |   8.7
       D:15 |   25631 |   15027 |  37.0 |      46 |      24 |  34.3
     Lair:1 |    4832 |       0 |   0.0 |      24 |       0 |   0.0
     Lair:2 |    6453 |     566 |   8.1 |      39 |       3 |   7.1
     Lair:3 |    2400 |       0 |   0.0 |      10 |       0 |   0.0
     Lair:4 |   12464 |     976 |   7.3 |      26 |      14 |  35.0
     Lair:5 |   13603 |   10825 |  44.3 |      43 |      23 |  34.8
      Orc:1 |     457 |       0 |   0.0 |       6 |       0 |   0.0
      Orc:2 |    1586 |    3941 |  71.3 |      16 |      24 |  60.0
            +---------+---------+-------+---------+---------+-------
